 Dungeon Crawl Stone Soup version 0.29.1-15-g9cfb28693d (webtiles) character file.

Game seed: 9065481946185025627

382 pilgrim the Covert (level 6, -2/32 HPs)
             Began as a Spriggan Delver on Mar 1, 2023.
             Was a Follower of Uskayaw.
             Killed from afar by a white imp (9 damage)
             ... with a puff of frost
             ... on level 6 of the Dungeon.
             The game lasted 00:13:28 (5497 turns).

pilgrim the Covert (Spriggan Delver)                Turns: 5497, Time: 00:13:29

Health: -2/32      AC:  2    Str:  8    XL:     6   Next: 47%
Magic:  0/7        EV: 20    Int: 11    God:    Uskayaw [*.....]
Gold:   104        SH:  0    Dex: 19    Spells: 3/5 levels left

rFire   . . .      SeeInvis +   a - +1 dagger (vamp)
rCold   . . .      Faith    .   n - orb {guile}
rNeg    . . .      Spirit   +   b - +0 robe
rPois   .          Reflect  .   (helmet restricted)
rElec   .          Harm     .   (no cloak)
rCorr   .          Rampage  .   (gloves unavailable)
Will    .....                   (boots unavailable)
Stlth   ++++......              h - amulet of guardian spirit
HPRegen 0.10/turn               (no ring)
MPRegen 0.10/turn               (no ring)

@: very quick
A: very small, no large weapons, unfitting armour, see invisible, speed 3
a: Renounce Religion, Stomp


You were on level 6 of the Dungeon.
You worshipped Uskayaw.
Uskayaw was noncommittal.
You visited 2 branches of the dungeon, and saw 7 of its levels.

You collected 244 gold pieces.
You spent 140 gold pieces at shops.

Inventory:

Hand Weapons
 a - a +1 vampiric dagger (weapon)
Missiles
 v - 3 silver boomerangs (quivered)
Armour
 b - a +0 robe (worn)
 n - an orb of guile (worn)
Jewellery
 h - an amulet of guardian spirit (around neck)
 y - a ring of fire
Wands
 g - a wand of digging (3)
 i - a wand of charming (10)
 A - a wand of flame (4)
Scrolls
 c - 3 scrolls of fog
 d - a scroll of magic mapping
 e - 2 scrolls of fear
 j - 2 scrolls of teleportation
 l - 3 scrolls of poison
 z - a scroll of silence
 B - a scroll of amnesia
Potions
 f - 2 potions of haste
 k - a potion of invisibility {unknown}
 m - a potion of ambrosia {unknown}
 o - a potion of mutation {unknown}
 p - 3 potions of flight
 q - 3 potions of cancellation
 r - a potion of might {unknown}
 s - 2 potions of curing {unknown}
 t - 2 potions of magic
 u - a potion of brilliance {unknown}
 w - 3 potions of degeneration
 x - a potion of resistance {unknown}
 C - a potion of lignification {unknown}
 D - 2 potions of attraction {unknown}


   Skills:
 + Level 3.6 Fighting
 * Level 4.3 Short Blades
 + Level 4.9 Dodging
 + Level 8.8 Stealth
 + Level 1.0 Invocations


You had 3 spell levels left.
You knew the following spells:

 Your Spells              Type           Power      Damage    Failure   Level
a - Ensorcelled Hibernat  Hex/Ice        0%         N/A       47%         2

Your spell library contained the following spells:

 Spells                   Type           Power      Damage    Failure   Level
 Passwall                 Tmut/Erth      0%         N/A       47%         2
 Gell's Gravitas          Tloc           0%         N/A       71%         3
 Lesser Beckoning         Tloc           0%         N/A       71%         3
 Stone Arrow              Conj/Erth      0%         3d7       71%         3
 Swiftness                Air            0%         N/A       71%         3
 Teleport Other           Tloc           0%         N/A       71%         3
 Animate Armour           Summ/Erth      0%         N/A       98%         4
 Lehudib's Crystal Spear  Conj/Erth      0%         10d2      100%        8


Dungeon Overview and Level Annotations

Branches:
Dungeon (6/15)             Temple (1/1) D:5

Altars:
Ashenzari
Cheibriados
Dithmenos
Elyvilon
Fedhas
Gozag
Hepliaklqana
Kikubaaqudgha
Makhleb
Okawaru
Qazlal
Ru
Uskayaw
Wu Jian
Xom
Yredelemnul
Zin
The Shining One

Shops:
D:3 *   D:5 =

Annotations:
D:3 emiel's ghost, novice FoWn


Innate Abilities, Weirdness & Mutations

You are very small and have problems with some larger weapons.
You are too small for most types of armour.
You have supernaturally acute eyesight. (SInv)
You cover ground extremely quickly. (Speed+++)


Message History

You closely miss the white imp. You closely miss the white imp.
The white imp closely misses you.
You hit the white imp but do no damage. The white imp closely misses you.
You hit the white imp but do no damage. The white imp gestures at you.
The puff of frost hits you.
You closely miss the white imp. You closely miss the white imp.
The white imp gestures at you. The puff of frost hits you!
You closely miss the white imp. The white imp closely misses you.
You barely miss the white imp. The white imp closely misses you.
You barely miss the white imp. The white imp closely misses you.
You hit the white imp but do no damage. You hit the white imp.
The white imp is moderately wounded.
The white imp closely misses you.
You hit the white imp.
The white imp is moderately wounded.
The white imp closely misses you.
You hit the white imp.
The white imp is moderately wounded.
The white imp hits you. The white imp freezes you.
You hit the white imp but do no damage.
The white imp is moderately wounded.
You closely miss the white imp.
The white imp is moderately wounded.
The white imp gestures at you. The puff of frost hits you!
* * * LOW HITPOINT WARNING * * *
You hit the white imp but do no damage.
The white imp is moderately wounded.
The white imp misses you.
There is an open door here.
You close the door.
A white imp opens the door.
You close the door.
A white imp opens the door.
You close the door.
A white imp breaks down the door.
The white imp gestures at you. The puff of frost hits you!
You die...

#.# #.# #.# #.#
#<#####.##
#........##
#####.....## #
##.......## .##
#.........####...##
+.........'5....$.#
#.....<@..####...##
##.......## .##
##.....## # ##...##
##+##


You could see a white imp.

Vanquished Creatures
  A necrophage (D:5)
  2 hounds
  Terence (D:2)
  An iguana (D:5)
  2 orc wizards
  3 adders
  A hound simulacrum (D:3)
  A white imp (D:3)
  6 dart slugs
  A worm (D:2)
  3 adder simulacra (D:3)
  7 orcs
  3 bats
  6 endoplasms
  3 giant cockroaches
  3 goblins
  7 hobgoblins
  14 jackals
  7 kobolds
  4 quokkas
  2 ball pythons
  2 frilled lizards
  A giant cockroach simulacrum (D:3)
  7 rats
88 creatures vanquished.

Notes
Turn   | Place    | Note
-------+----------+-------------------------------------------
     0 | D:5      | pilgrim the Spriggan Delver began the quest for the Orb.
     0 | D:5      | Reached XP level 1. HP: 11/11 MP: 2/2
    36 | D:5      | Found Saas's Jewellery Boutique.
    61 | D:5      | Noticed a phantom
   140 | D:4      | Noticed an orc wizard
   244 | D:4      | Noticed a hound
   246 | D:4      | Killed a hound
   247 | D:4      | Reached XP level 2. HP: 16/16 MP: 3/3
   247 | D:4      | Reached XP level 3. HP: 19/19 MP: 4/4
   759 | D:5      | Reached skill level 8 in Stealth
   759 | D:5      | Reached XP level 4. HP: 24/24 MP: 5/5
  1264 | D:5      | Noticed a necrophage
  1278 | D:5      | Killed a necrophage
  1279 | D:5      | Reached XP level 5. HP: 20/28 MP: 6/6
  1389 | D:5      | Found a staircase to the Ecumenical Temple.
  1398 | Temple   | Entered the Ecumenical Temple
  1573 | Temple   | Became a worshipper of Uskayaw the Reveller
  1753 | D:5      | Reached * piety under Uskayaw
  1873 | D:4      | Reached ** piety under Uskayaw
  1910 | D:4      | Found a glowing silver altar of Zin.
  2339 | D:3      | Found a runed translucent gate.
  2339 | D:3      | Found a runed translucent gate.
  2340 | D:3      | Found a runed translucent gate.
  2354 | D:3      | Found an iron altar of Okawaru.
  2355 | D:3      | Found a sacrificial altar of Ru.
  2445 | D:3      | Found Pidweta's General Store.
  2499 | D:3      | Bought a potion of heal wounds for 70 gold pieces
  2499 | D:3      | Bought a potion of degeneration for 14 gold pieces
  2632 | D:3      | Noticed emiel's ghost (novice FoWn)
  2750 | D:3      | Found a hazy altar of Hepliaklqana.
  3077 | D:3      | Learned a level 2 spell: Ensorcelled Hibernation
  3141 | D:3      | Reached XP level 6. HP: 15/32 MP: 3/7
  3395 | D:2      | Noticed Terence
  3779 | D:2      | Killed Terence
  3984 | D:2      | Found a faded altar of an unknown god.
  4924 | D:3      | Bought a scroll of poison for 56 gold pieces
  5032 | D:3      | Reached skill level 1 in Invocations
  5497 | D:6      | Killed from afar by a white imp

Illustrated notes

Levels and vault maps discovered:
D:1:      sevenhm_arrival_forest_fort_small_4, layout_rooms, minmay_heptomino_w4
D:2:      layout_rooms, shapermc_ecumenical_altar_notcrosses, dk_noncrumbling_4,
          uniq_terence
D:3:      layout_rooms, chequers_temple_overflow_statue_of_worship,
          worldfamousw_hep_ancestral_shrine, serial_shops, shop,
          gammafunk_ghost_icy, chequers_mini_garden
D:4:      layout_basic, lemuel_round_altar
D:5:      layout_loops_corners, minmay_temple_entry_wispy, serial_shops, shop
D:6:      layout_loops_corners, mainiacjoe_overflow_divided_tiny,
          ebering_ghost_reflecting_pool, hangedman_decor_diamond_cutter,
          bh_walls_and_bars
Temple:   nicolae_temple_bog_church

Skill      XL: |  1  2  3  4  5  6 |
---------------+-------------------+-----
Dodging        | 3 4 |  4.9
Fighting       | 3 |  3.6
Short Blades   | 3 4 |  4.3
Stealth        | 8 |  8.8
Invocations    | 1 |  1.0

Action                   |  1- 3 |  4- 6 || total
-------------------------+-------+-------++-------
Melee: Short sword       |    51 |       ||    51
       Rapier            |     1 |    46 ||    47
       Punch             |     1 |     1 ||     2
       Dagger            |       |   368 ||   368
Invok: Stomp             |       |     2 ||     2
       Line Pass         |       |     1 ||     1
  Use: Scroll            |       |     6 ||     6
       Potion            |       |     2 ||     2
 Stab: Sleeping          |     2 |    15 ||    17
       Distracted        |       |     3 ||     3
Armor: Robe              |     4 |    22 ||    26
Dodge: Dodged            |    38 |   385 ||   423
